 Dungeon Crawl Stone Soup version 0.26.1-11-gd32895ea62 (webtiles) character file.

Game seed: 16995078262040565702

14711303 dracomuter the Conqueror (level 27, 227/273 HPs)
             Began as a Ghoul Fighter on May 28, 2021.
             Was the Champion of Makhleb.
             Escaped with the Orb
             ... and 15 runes on May 31, 2021!
             The game lasted 06:45:38 (107701 turns).

dracomuter the Conqueror (Ghoul Fighter)          Turns: 107701, Time: 06:45:39

Health: 227/273    AC: 46    Str: 27    XL:     27
Magic:  39/39      EV: 20    Int:  7    God:    Makhleb [******]
Gold:   14019      SH: 34    Dex: 10    Spells: 26/26 levels left

rFire    + + +     SeeInvis +   a - +9 broad axe (flame)
rCold    + + .     Faith    .   w - +3 tower shield {AC+3}
rNeg     + + +     Spirit   .   e - +10 plate armour {Will+}
rPois    ∞         Reflect  +   c - +2 helmet {SInv}
rElec    +         Harm     .   Y - scarf {rC+ rF+}
rCorr    .         Rampage  .   s - +3 pair of gauntlets of War {Slay+5}
Will     +++..                  N - +0 pair of boots "Vylaicir" {rF++}
Stlth    ..........             E - amulet of reflection
HPRegen  0.55/turn              S - ring "Hiclumm" {rElec rPois rF+ Int-2 Dex+2}
MPRegen  0.26/turn              F - +4 ring of slaying

@: no status effects
A: claws 1, cold resistance 1, negative energy resistance 3, inhibited
regeneration, torment resistance, unbreathing
0: Orb of Zot
}: 15/15 runes: decaying, slimy, silver, golden, iron, obsidian, icy, bone,
abyssal, demonic, glowing, magical, fiery, dark, gossamer
a: Renounce Religion, Minor Destruction, Lesser Servant of Makhleb, Major
Destruction, Greater Servant of Makhleb


You escaped.
You worshipped Makhleb.
Makhleb was exalted by your worship.
You visited 18 branches of the dungeon, and saw 90 of its levels.
You visited Pandemonium 3 times, and saw 24 of its levels.
You visited the Abyss 6 times.
You also visited: Trove and Volcano.

You collected 17975 gold pieces.
You spent 3956 gold pieces at shops.

Inventory:

Hand Weapons
 a - a +9 broad axe of flaming (weapon)
 b - a +9 broad axe of electrocution
 f - the +5 broad axe of Truncation {vamp, Int+8 SInv}
   (You found it on level 7 of the Iron City of Dis)

   It inflicts no extra harm, but heals its wielder when it wounds a living foe.
   It affects your intelligence (+8).
   It lets you see invisible.
 M - a +1 rapier of distortion
Missiles
 l - 18 curare-tipped darts (quivered)
 A - 7 throwing nets
Armour
 c - a +2 helmet of see invisible (worn)
 e - a +10 plate armour of willpower (worn)
 s - the +3 pair of gauntlets of War (worn) {Slay+5}
   (You acquired it on level 3 of the Depths)

   It affects your accuracy and damage with ranged weapons and melee attacks
   (+5).
 w - a +3 tower shield of protection (worn)
 N - the +0 pair of boots "Vylaicir" (worn) {rF++}
   (You found it on level 5 of the Pits of Slime)

   It greatly protects you from fire.
 Y - a scarf of resistance (worn)
Jewellery
 m - an uncursed ring of resist corrosion
 p - a +4 ring of protection
 u - an uncursed ring of flight
 v - an uncursed ring of protection from cold
 x - the amulet of the Four Winds {rN+ Will+++ Clar}
   (You found it on level 4 of the Realm of Zot)

   [amulet of nothing]

   It protects you from negative energy.
   It affects your willpower, your defense against some magical effects.
   It protects you against confusion.
 E - an amulet of reflection (around neck)
 F - a +4 ring of slaying (right hand)
 S - the ring "Hiclumm" (left hand) {rElec rPois rF+ Int-2 Dex+2}
   (You acquired it in Pandemonium)

   [ring of protection from fire]

   It affects your intelligence (-2).
   It affects your dexterity (+2).
   It protects you from fire.
   It insulates you from electricity.
   It protects you from poison.
 Z - the cursed ring "Bawaet" {+Blink rF++ EV-4 Int+4 Stlth+, unknown}
   (You found it on level 3 of the Tomb of the Ancients)

   [ring of evasion]

   It affects your evasion (-4).
   It affects your intelligence (+4).
   It greatly protects you from fire.
   It lets you blink.
   It makes you more stealthy.
   It has a curse placed upon it.
Wands
 d - a wand of digging (6)
 y - a wand of paralysis (33)
 z - a wand of iceblast (73)
 D - a wand of acid (23)
Scrolls
 g - a scroll of blinking
 h - 5 scrolls of fog
 k - 47 scrolls of remove curse
 n - 26 scrolls of teleportation
 G - 4 scrolls of magic mapping
 I - 8 scrolls of fear
 J - a scroll of torment
 K - 2 scrolls of immolation
 P - 17 scrolls of identify
 V - 7 scrolls of silence
 W - a scroll of enchant weapon
Potions
 i - 10 potions of cancellation
 j - 5 potions of invisibility
 o - 2 potions of haste
 q - 34 potions of curing
 r - 10 potions of ambrosia
 t - 6 potions of flight
 H - 5 potions of resistance
 O - 7 potions of magic
 Q - 4 potions of heal wounds
 U - a potion of might
Miscellaneous
 B - a box of beasts
 C - a tin of tremorstones (2/2)
 L - a phantom mirror
 R - a condenser vane
 T - a lightning rod (4/4)
 X - a figurine of a ziggurat


   Skills:
 O Level 27 Fighting
 - Level 20.0 Axes
 O Level 27 Armour
 O Level 27 Dodging
 - Level 25.0 Shields
 O Level 27 Invocations
 + Level 14.3 Evocations


You had 26 spell levels left.
You didn't know any spells.
Your spell library contained the following spells:

 Spells                   Type           Power        Failure   Level
 Animate Skeleton         Necr           0%           80%         1
 Apportation              Tloc           0%           80%         1
 Corona                   Hex            0%           80%         1
 Foxfire                  Conj/Fire      0%           80%         1
 Freeze                   Ice            0%           80%         1
 Magic Dart               Conj           0%           80%         1
 Pain                     Necr           0%           80%         1
 Sandblast                Erth           0%           80%         1
 Shock                    Conj/Air       0%           80%         1
 Sting                    Tmut/Pois      0%           80%         1
 Summon Small Mammal      Summ           0%           80%         1
 Blink                    Tloc           N/A          91%         2
 Call Imp                 Summ           0%           91%         2
 Corpse Rot               Necr/Air       N/A          91%         2
 Ensorcelled Hibernation  Hex/Ice        0%           91%         2
 Passwall                 Tmut/Erth      0%           91%         2
 Poisonous Vapours        Pois/Air       0%           91%         2
 Searing Ray              Conj           0%           91%         2
 Slow                     Hex            0%           91%         2
 Swiftness                Air            0%           91%         2
 Call Canine Familiar     Summ           0%           99%         3
 Confusing Touch          Hex            0%           99%         3
 Conjure Flame            Conj/Fire      0%           99%         3
 Dazzling Flash           Conj/Hex       0%           99%         3
 Frozen Ramparts          Ice            0%           99%         3
 Gell's Gravitas          Tloc           0%           99%         3
 Ignite Poison            Fire/Tmut/Pois 0%           99%         3
 Inner Flame              Hex/Fire       0%           99%         3
 Lesser Beckoning         Tloc           0%           99%         3
 Mephitic Cloud           Conj/Pois/Air  0%           99%         3
 Ozocubu's Armour         Ice            0%           99%         3
 Portal Projectile        Hex/Tloc       0%           99%         3
 Static Discharge         Conj/Air       0%           99%         3
 Stone Arrow              Conj/Erth      0%           99%         3
 Summon Guardian Golem    Hex/Summ       0%           99%         3
 Teleport Other           Tloc           0%           99%         3
 Tukima's Dance           Hex            0%           99%         3
 Vampiric Draining        Necr           0%           99%         3
 Airstrike                Air            0%           100%        4
 Animate Dead             Necr           0%           100%        4
 Cause Fear               Hex            0%           100%        4
 Dispel Undead            Necr           0%           100%        4
 Fulminant Prism          Conj/Hex       0%           100%        4
 Hailstorm                Conj/Ice       0%           100%        4
 Iskenderun's Mystic Bla  Conj/Tloc      0%           100%        4
 Leda's Liquefaction      Hex/Erth       0%           100%        4
 Olgreb's Toxic Radiance  Pois           0%           100%        4
 Passage of Golubria      Tloc           N/A          100%        4
 Petrify                  Tmut/Erth      0%           100%        4
 Sticky Flame             Conj/Fire      0%           100%        4
 Summon Ice Beast         Ice/Summ       0%           100%        4
 Summon Lightning Spire   Summ/Air       0%           100%        4
 Agony                    Necr           0%           100%        5
 Alistair's Intoxication  Tmut/Pois      0%           100%        5
 Bolt of Magma            Conj/Fire/Erth 0%           100%        5
 Borgnjor's Vile Clutch   Necr/Erth      0%           100%        5
 Excruciating Wounds      Necr           0%           100%        5
 Fireball                 Conj/Fire      0%           100%        5
 Irradiate                Conj/Tmut      0%           100%        5
 Iskenderun's Battlesphe  Conj           0%           100%        5
 Lee's Rapid Deconstruct  Erth           0%           100%        5
 Lightning Bolt           Conj/Air       0%           100%        5
 Metabolic Englaciation   Hex/Ice        0%           100%        5
 Silence                  Hex/Air        0%           100%        5
 Summon Demon             Summ           0%           100%        5
 Summon Forest            Summ/Tloc      0%           100%        5
 Summon Mana Viper        Hex/Summ       0%           100%        5
 Yara's Violent Unravell  Hex/Tmut       0%           100%        5
 Conjure Ball Lightning   Conj/Air       0%           100%        6
 Death Channel            Necr           0%           100%        6
 Eringya's Noxious Bog    Tmut/Pois      0%           100%        6
 Freezing Cloud           Conj/Ice/Air   0%           100%        6
 Iron Shot                Conj/Erth      0%           100%        6
 Ozocubu's Refrigeration  Ice            0%           100%        6
 Shadow Creatures         Summ           N/A          100%        6
 Simulacrum               Ice/Necr       0%           100%        6
 Starburst                Conj/Fire      0%           100%        6
 Haunt                    Necr/Summ      0%           100%        7
 Malign Gateway           Summ/Tloc      0%           100%        7
 Monstrous Menagerie      Summ           0%           100%        7
 Orb of Destruction       Conj           0%           100%        7
 Spellforged Servitor     Conj/Summ      0%           100%        7
 Summon Greater Demon     Summ           0%           100%        7
 Summon Hydra             Summ           0%           100%        7
 Chain Lightning          Conj/Air       0%           100%        8
 Discord                  Hex            0%           100%        8
 Ignition                 Fire           0%           100%        8
 Infestation              Necr           0%           100%        8
 Lehudib's Crystal Spear  Conj/Erth      0%           100%        8
 Summon Horrible Things   Summ           0%           100%        8
 Absolute Zero            Ice            0%           100%        9
 Dragon's Call            Summ           0%           100%        9
 Fire Storm               Conj/Fire      0%           100%        9
 Shatter                  Erth           0%           100%        9
 Tornado                  Air            0%           100%        9
 Beastly Appendage        Tmut           Unusable     N/A         1
 Sublimation of Blood     Necr           Unusable     N/A         2
 Wereblood                Tmut           Unusable     N/A         2
 Spider Form              Tmut/Pois      Unusable     N/A         3
 Ice Form                 Ice/Tmut       Unusable     N/A         4
 Blade Hands              Tmut           Unusable     N/A         5
 Hydra Form               Tmut           Unusable     N/A         6
 Statue Form              Tmut/Erth      Unusable     N/A         6
 Dragon Form              Tmut           Unusable     N/A         7
 Borgnjor's Revivificati  Necr           Unusable     N/A         8
 Necromutation            Tmut/Necr      Unusable     N/A         8
 Death's Door             Necr           Unusable     N/A         9

Dungeon Overview and Level Annotations

Branches:
Dungeon (15/15)            Temple (1/1) D:6            Lair (6/6) D:8
  Swamp (4/4) Lair:4       Spider (4/4) Lair:4        Slime (5/5) Lair:5
    Orc (2/2) D:10            Elf (3/3) Orc:2        Vaults (5/5) D:13
  Crypt (3/3) Vaults:3       Tomb (3/3) Crypt:3      Depths (5/5) D:15
   Hell (visited)             Dis (7/7) Hell            Geh (7/7) Hell
    Coc (7/7) Hell            Tar (7/7) Hell            Zot (5/5) Depths:5
Volcano (visited)

Altars:
Ashenzari
Cheibriados
Dithmenos
Elyvilon
Fedhas
Hepliaklqana
Kikubaaqudgha
Makhleb
Nemelex Xobeh
Okawaru
Qazlal
Ru
Sif Muna
Trog
Vehumet
Xom
Yredelemnul
Zin
The Shining One
Beogh
Jiyva
Lugonu

Shops:
Orc:1 [   Orc:2 [[*(:   Elf:2 ?}[   Elf:3 [!(:*   Vaults:1 (   Vaults:2 [
Vaults:3 *   Depths:2 [

Portals:
Hell: Depths:1 Depths:2 Depths:3 Depths:4 Depths:5
Abyss: Depths:1 Depths:2 Depths:4
Pandemonium: Depths:1 Depths:3
Ziggurat: Depths:1
Bazaar: Depths:1

Annotations:
Vaults:3 Mennas


Innate Abilities, Weirdness & Mutations

You thrive by killing the living.
You are immune to poison.
You have sharp fingernails.
Your flesh is cold resistant. (rC+)
You are immune to negative energy. (rN+++)
You do not regenerate when monsters are visible.
You are immune to unholy pain and torment.
You can survive without breathing.


Message History

Gang up on whom?
Press: ? - help, Dir - move target, f - rust devil
Aim: a rust devil Attack!
Something closely misses your balrug.
You start resting.
Your balrug hits the rust devil with a +2 demon whip of electrocution.
The rust devil is engulfed in flames.
The rust devil completely resists.
The rust devil closely misses your balrug.
Your blizzard demon waves its arms in wide circles.
The air twists around and strikes the rust devil!
Your balrug hits the rust devil with a +2 demon whip of electrocution!
The rust devil is engulfed in flames.
The rust devil completely resists.
The rust devil hits your balrug! The rust devil corrodes your balrug!
A mysterious force pulls you upwards. The hatch slams shut behind you.
Your summoned ally is left behind.
Things that are here:
a cursed -3 halberd; a bat skeleton; a gnoll skeleton
There is a staircase leading out of the dungeon here.
You have escaped!

#.....##......# ###.÷.#####
#........###### ####.##.###
#...###### #.##.... ###.#
#....... #)# #..#.... #.#
♣♣♣ #..#.... #.#
♣.♣♣♣♣♣♣♣♣♣♣##.#.... #.#
♣♣...♣♣.♣♣.♣#......) #.#
♣♣♣♣..@..)..♣.♣#.#....)
#.#♣♣.♣.♣...♣.♣......#..###
#......♣....♣♣.♣.♣♣###..#
#.....♣♣♣♣♣♣♣♣♣♣♣♣ #..#
###♣♣♣♣ ###..### #.......
#...#.#. #.###.## #######
### #.#


There were no monsters in sight!

Vanquished Creatures
  Cerebov (Pan)
  Antaeus (Coc:7)
  Asmodeus (Geh:7)
  the Royal Jelly (Slime:5)
  Gloorx Vloq (Pan)
  Ereshkigal (Tar:7)
  the Serpent of Hell (Coc:7)
  Mnoleg (Pan)
  Lom Lobon (Pan)
  Dispater (Dis:7)
  7 orbs of fire
  4 ancient liches
  5 juggernauts
  The ghost of Tang the Slayer, a master DsGl of Makhleb (Vaults:1)
  25 royal mummies
  4 Killer Klowns
  Saint Roka (Vaults:3)
  6 pandemonium lords
  10 shard shrikes
  A caustic shrike (Depths:3)
  A curse toe (Zot:2)
  6 golden dragons
  A profane servitor (Abyss:2)
  Geryon (Hell)
  the Enchantress (Depths:3)
  9 bone dragons
  19 liches
  5 doom hounds
  4 electric golems
  2 hellephants
  4 iron giants (Dis:7)
  16 Tzitzimimeh
  18 Brimstone Fiends
  18 Ice Fiends
  18 tentacled monstrosities
  6 Hell Sentinels (Dis:7)
  25 Orb Guardians
  Jorgrun (Spider:1)
  2 deep elf blademasters (Elf:3)
  6 quicksilver dragons
  22 acid blobs
  4 deep elf master archers (Elf:3)
  13 sphinxes
  10 death cobs
  7 titans
  10 tentacled starspawn
  27 Executioners
  19 ancient champions
  The ghost of Anuqaetage the Severer, an adept HOFi of Beogh (Spider:1)
  17 storm dragons
  13 shadow dragons
  7 tengu reavers
  16 azure jellies
  7 draconian monks
  3 fenstrider witches
  6 revenants
  An azure jelly (shapeshifter) (Vaults:5)
  7 fire giants
  11 draconian knights
  3 daevas (Pan)
  32 balrugs
  8 deep elf sorcerers
  13 draconian scorchers
  16 iron dragons
  11 deep elf elementalists
  An orc warlord (Orc:1)
  15 frost giants
  2 emperor scorpions (Spider:4)
  2 curse skulls (Pan)
  7 ghost moths
  20 cacodemons
  4 ghouls
  The ghost of Kisosi the Severer, a journeyman DDFi of Makhleb (D:10)
  9 draconian shifters
  7 warmongers (Pan)
  19 vault wardens
  5 draconian stormcallers
  17 ironheart preservers
  6 spriggan defenders
  2 angels
  The ghost of Cumomo the Carver, an adept SpEn of Kikubaaqudgha (Spider:2)
  9 blood saints (Pan)
  9 draconian annihilators
  24 stone giants
  4 corrupters (Pan)
  65 reapers
  15 war gargoyles
  24 very ugly things
  11 green draconians
  12 vampire knights
  An apis (Pan)
  6 black draconians
  9 purple draconians
  An ophan (Pan)
  7 black suns (Pan)
  16 yellow draconians
  14 spark wasps
  5 red draconians
  4 bunyips
  10 bennus
  12 deep elf annihilators
  6 deep elf demonologists
  3 entropy weavers
  14 white draconians
  5 eleionomae
  7 ettins
  27 blizzard demons
  A merfolk javelineer (Depths:3)
  17 lorocyprocas
  16 death oozes
  A quicksilver dragon zombie (Geh:7)
  4 deep elf death magi
  3 eidola
  A spectral golden dragon (Vaults:1)
  6 jiangshi
  2 ettins (shapeshifter) (Depths:4)
  8 fire dragons
  19 mummy priests
  A shambling mangrove (Abyss:1)
  22 green deaths (Pan)
  22 yaktaur captains
  4 crystal guardians
  The ghost of Esetoipo the Quickloader, a journeyman GnWn of Hepliaklqana (Lair:1)
  8 deep elf high priests
  17 great orbs of eyes
  3 kraken zombies
  3 quicksilver dragon skeletons
  37 vault guards
  16 hydras
  9 monstrous demonspawn (Pan)
  2 spriggan air magi (Depths:4)
  8 rakshasas
  Harold (Orc:1)
  21 ice dragons
  19 ogre magi
  17 centaur warriors
  8 boulder beetles
  3 hell beasts
  Erica (D:10)
  A spectral shadow dragon (Vaults:1)
  2 catoblepae
  48 two-headed ogres
  A death knight (Crypt:1)
  14 alligators
  5 titan zombies
  31 dancing weapons
  5 deep troll earth magi
  5 ghost crabs
  100 death scarabs
  16 hell hogs
  Urug (D:11)
  12 deep troll shamans
  5 tengu warriors
  A spectral human (Vaults:1)
  3 orc high priests
  6 vampire magi
  14 thrashing horrors
  7 spriggan berserkers
  A storm dragon zombie (Crypt:3)
  26 hell knights
  26 soul eaters
  9 titan skeletons
  8 wretched stars
  54 sun demons
  4 iron golems
  18 deep elf knights
  122 skeletal warriors
  7 iron trolls
  10 shadow wraiths
  47 sixfirhies
  A spectral yaktaur (Vaults:1)
  2 cherubim (Pan)
  9 unseen horrors
  6 goliath frogs
  A death drake (Tar:5)
  4 torturous demonspawn (Pan)
  7 glowing orange brains
  4 infernal demonspawn
  13 gelid demonspawn (Pan)
  5 golden dragon zombies
  A spark wasp zombie (Crypt:2)
  7 anaconda zombies
  6 storm dragon skeletons
  15 wizards
  9 bog bodies
  40 deep trolls
  6 spriggan druids
  12 flayed ghosts
  11 deep elf archers
  A death drake (shapeshifter) (Depths:4)
  18 shadow demons
  A ghost moth zombie (Tar:4)
  4 swamp dragons
  4 shadow dragon zombies
  7 anaconda skeletons
  A lindwurm (shapeshifter) (Vaults:5)
  16 necromancers
  15 phantasmal warriors
  An obsidian statue (Zot:5)
  18 ironbrand convokers
  5 iron dragon zombies
  A goliath frog zombie (Crypt:1)
  8 harpies
  9 frost giant zombies
  A wolf spider (shapeshifter) (Vaults:5)
  17 orc knights
  5 wolf spider zombies
  2 golden dragon skeletons
  A mana viper (shapeshifter) (Depths:5)
  A manticore (D:12)
  10 orc sorcerers
  A sphinx skeleton (Crypt:1)
  42 ugly things
  6 stone giant zombies
  62 deep elf magi
  18 orb spiders
  5 shining eyes
  32 wolf spiders
  A faun (shapeshifter) (Vaults:3)
  7 shadow dragon skeletons
  9 will-o-the-wisps
  16 cyclopes
  24 moths of wrath
  A spectral elf (Vaults:1)
  62 large abominations
  A worldbinder (Abyss:1)
  7 fire giant zombies
  A shock serpent zombie (Coc:3)
  5 draconians (Abyss:3)
  7 fire giant skeletons
  4 iron dragon skeletons
  2 cyclopes (shapeshifter)
  3 dire elephant zombies
  A black mamba (shapeshifter) (Depths:3)
  A toenail golem (Pan)
  3 titan simulacra
  4 stone giant skeletons
  3 apocalypse crabs
  2 guardian serpents (shapeshifter) (Depths:2)
  A naga mage (D:15)
  50 rust devils
  14 vault sentinels
  8 molten gargoyles (Geh:7)
  30 orange demons
  An elf skeleton (Vaults:5)
  6 black mambas
  57 smoke demons
  4 eyes of devastation
  A cane toad (shapeshifter) (Depths:2)
  5 frost giant skeletons
  36 cane toads
  A gargoyle (D:13)
  21 hellions
  4 human zombies
  A centaur skeleton (D:15)
  A komodo dragon (shapeshifter) (Vaults:2)
  2 torpor snails
  2 dire elephant skeletons
  A rime drake (Lair:5)
  6 komodo dragons
  32 tormentors
  An alligator snapping turtle skeleton (Crypt:2)
  33 demonic crawlers
  A spectral swamp worm (Tar:7)
  2 kobold demonologists (Abyss:1)
  A yellow draconian skeleton (Geh:3)
  25 freezing wraiths
  34 ice devils
  8 human skeletons
  3 harpy zombies
  7 efreet
  77 yaktaurs
  30 hellwings
  37 guardian mummies
  18 hydra zombies
  2 catoblepas skeletons
  9 tengu conjurers
  2 meliai (shapeshifter)
  8 ancient zymes
  2 polar bears (Lair:5)
  37 red devils
  24 jumping spiders
  An anaconda simulacrum (Hell)
  A silent spectre (Tar:6)
  8 trolls
  25 hornets
  14 tyrant leeches
  An iron troll skeleton (Dis:2)
  4 meliai (D:13)
  2 ice dragon zombies
  A shadow dragon simulacrum (Vaults:1)
  A wolf spider simulacrum (D:15)
  A queen bee (shapeshifter) (Vaults:4)
  10 raiju
  A tengu simulacrum (Vaults:4)
  2 harpy skeletons
  5 alligator zombies
  100 slime creatures
  5 hydra skeletons
  A moth of wrath zombie (Crypt:2)
  7 dream sheep
  25 blink frogs
  3 fire dragon zombies
  6 ettin zombies
  A meliai zombie (D:15)
  154 flying skulls
  16 water elementals
  4 fire dragon skeletons
  4 ice dragon skeletons
  4 air elementals
  73 redbacks
  A vampire (D:12)
  48 starcursed masses
  12 spriggans
  2 black mamba zombies
  41 tarantellas
  10 ettin skeletons
  8 wyverns
  23 shadows
  9 ushabtiu
  34 wraiths
  A yak (shapeshifter) (Vaults:1)
  25 ynoxinuls
  3 basilisks
  6 fire bats
  15 fire elementals
  53 yaks
  Grum (D:10)
  14 golden eyes
  2 black mamba skeletons (Geh:7)
  16 vampire mosquitoes
  39 small abominations
  A yaktaur simulacrum (Vaults:5)
  13 chaos spawn
  2 wargs
  Menkaure (D:4)
  19 neqoxecs
  2 acid dragons
  A soldier ant (D:13)
  14 swamp worms
  A merfolk zombie (Coc:6)
  A soldier ant (shapeshifter) (Depths:2)
  An acid dragon (shapeshifter) (Vaults:3)
  11 water moccasins
  3 hydra simulacra
  A merfolk skeleton (Geh:7)
  6 cane toad zombies
  A deep troll skeleton (Vaults:5)
  7 floating eyes
  51 hell hounds
  4 swamp drakes
  A black bear (shapeshifter) (Depths:4)
  10 eyes of draining
  11 phantoms
  2 black bears
  A sky beast (shapeshifter) (Depths:4)
  4 snapping turtle zombies
  55 orc warriors
  13 ice beasts
  8 sky beasts
  4 swamp dragon zombies
  A swamp drake (shapeshifter) (Vaults:3)
  An eye of draining (shapeshifter) (Vaults:2)
  An ice dragon simulacrum (Hell)
  9 boggarts
  4 ettin simulacra
  A manticore zombie (Crypt:2)
  18 wolves
  31 ogres
  34 centaurs
  3 snapping turtle skeletons
  4 swamp dragon skeletons
  15 necrophages
  A blink frog skeleton (Crypt:1)
  An elf zombie (Crypt:2)
  3 big kobolds
  A wyvern zombie (D:9)
  29 bullfrogs
  A gnoll sergeant (D:11)
  An earth elemental (Elf:2)
  A cane toad simulacrum (Coc:4)
  A deep troll simulacrum (Vaults:1)
  A glowing shapeshifter simulacrum (Vaults:1)
  A spriggan zombie (Crypt:2)
  A scorpion (D:11)
  11 killer bees
  2 human simulacra (Vaults:1)
  46 wights
  3 troll zombies
  3 howler monkeys
  A troll skeleton (Crypt:1)
  9 crimson imps
  4 centaur zombies
  2 bullfrog zombies (D:10)
  3 quasits
  8 jellies
  3 bullfrog skeletons
  36 orc priests
  6 hounds
  8 iguanas
  29 iron imps
  35 orc wizards
  6 hell rats (Lair:3)
  11 worker ants
  A worker ant (shapeshifter) (Vaults:5)
  A killer bee zombie (D:7)
  2 ogre zombies (Dis:7)
  A naga zombie (Geh:4)
  2 tengu skeletons
  A hound zombie (Crypt:2)
  2 hound skeletons
  62 mummies
  A worker ant zombie (D:11)
  A howler monkey skeleton (D:7)
  9 adders
  8 gnolls
  8 shadow imps
  15 white imps
  6 ufetubi
  2 oozes
  An adder zombie (D:8)
  A lava snake zombie (Crypt:2)
  An adder skeleton (D:8)
  3 worms
  4 leopard geckos
  126 orcs
  2 bat zombies (D:6)
  10 giant cockroaches
  6 goblins
  11 hobgoblins
  A hobgoblin (shapeshifter) (Vaults:5)
  6 jackals
  18 kobolds
  5 quokkas
  10 ball pythons
  11 bats
  3 frilled lizards
  A kobold skeleton (Geh:7)
  A kobold zombie (Geh:7)
  A leopard gecko skeleton (D:4)
  2 orc zombies
  2 quokka zombies
  7 rats
  3 rat zombies (D:6)
  2 ball lightnings (Pan)
  A block of ice (Pan)
  A crawling corpse (Elf:3)
  A lurking horror (Abyss:3)
  10 starspawn tentacles
  7 tentacles
5011 creatures vanquished.

Vanquished Creatures (collateral kills)
  Bai Suzhen (Spider:3)
  Arachne (Spider:3)
  3 Brimstone Fiends
  2 Hell Sentinels (Dis:7)
  An Orb Guardian (Zot:5)
  A quicksilver dragon (Dis:7)
  An acid blob (Slime:5)
  Agnes (D:14)
  A daeva (Abyss:2)
  A vault warden (Vaults:5)
  Louise (Spider:4)
  The ghost of Hairutzoic the Fighter, a journeyman MiBe of Trog (Lair:5)
  A spark wasp (Spider:4)
  A green death (Dis:7)
  A hydra (Lair:5)
  A boulder beetle (D:14)
  2 catoblepae
  A two-headed ogre (D:14)
  A hell knight (Volcano)
  A lindwurm (Lair:5)
  2 ironbrand convokers (Vaults:5)
  An orc knight (Orc:1)
  A cyclops (D:14)
  2 wolf spiders (Spider:4)
  4 orb spiders (Spider:4)
  A shining eye (Slime:5)
  2 oklob plants
  A fire giant zombie (Tar:7)
  A rust devil (Dis:7)
  A centaur skeleton (D:11)
  An ice devil (Lair:1)
  A guardian mummy (Tomb:3)
  4 blink frogs (Lair:2)
  5 slime creatures (Slime:5)
  A hornet (Spider:4)
  An ettin zombie (Dis:7)
  2 redbacks
  A basilisk (Lair:4)
  3 tarantellas
  2 golden eyes (Slime:5)
  2 yaks (Lair:1)
  2 swamp worms (Lair:4)
  2 centaurs (Volcano)
  A bullfrog (Lair:5)
  A killer bee (D:11)
  An oklob sapling (D:13)
  A bullfrog zombie (D:11)
  A jelly (Lair:5)
  A worker ant (D:11)
  An adder (D:13)
  A white imp (Abyss:2)
  A jackal (D:13)
76 creatures vanquished.

Vanquished Creatures (others)
  An eldritch tentacle (Pan)
  An elemental wellspring (Coc:7)
  A blood saint (Pan)
  A green death (Pan)
  A rakshasa (Depths:4)
  2 hell hogs (Geh:4)
  A vampire mage (Depths:2)
  A bog body (Coc:7)
  2 necromancers (Geh:3)
  A stone giant skeleton (Tar:4)
  2 smoke demons (Pan)
  2 hellwings (Pan)
  5 bloated husks
  A redback (Spider:3)
  A shadow (Geh:3)
  A tarantella (Spider:3)
  An orc warrior (Orc:2)
  A swamp drake (Swamp:4)
  A boggart (Vaults:2)
  A bullfrog (Lair:5)
  An orc priest (Orc:2)
  An orc wizard (Orc:2)
  2 orcs (D:15)
  2 kobolds (Abyss:1)
  20 ball lightnings (Pan)
  A block of ice (Pan)
  A bush (D:13)
  34 foxfires
  23 fungi
  A lurking horror (Abyss:3)
  151 plants
  17 starspawn tentacles
  13 tentacles
  22 withered plants (Crypt:1)
317 creatures vanquished.

Grand Total: 5404 creatures vanquished

Notes
Turn   | Place    | Note
-------+----------+-------------------------------------------
     0 | D:1      | dracomuter the Ghoul Fighter began the quest for the Orb.
     0 | D:1      | Reached XP level 1. HP: 19/19 MP: 0/0
    47 | D:1      | Reached XP level 2. HP: 25/26 MP: 1/1
   179 | D:1      | Reached XP level 3. HP: 31/31 MP: 2/2
  1010 | D:2      | Reached XP level 4. HP: 23/40 MP: 3/3
  1499 | D:2      | Found a sparkling altar of Nemelex Xobeh.
  2280 | D:2      | Found a sparkling altar of Nemelex Xobeh.
  2742 | D:3      | Reached XP level 5. HP: 46/46 MP: 4/4
  2851 | D:3      | You fall into a shaft and drop 3 floors!
  2972 | D:6      | Found a staircase to the Ecumenical Temple.
  2981 | Temple   | Entered the Ecumenical Temple
  2988 | Temple   | Became a worshipper of Makhleb the Destroyer
  3033 | D:5      | Entered Level 5 of the Dungeon
  3120 | D:5      | Noticed a centaur
  3120 | D:5      | Noticed a sky beast
  3141 | D:5      | Killed a sky beast
  3143 | D:5      | Killed a centaur
  3144 | D:5      | Reached skill level 1 in Invocations
  3144 | D:5      | Reached XP level 6. HP: 52/52 MP: 4/6
  3431 | D:4      | Found a bloodstained altar of Trog.
  3459 | D:4      | Found an iron altar of Okawaru.
  3746 | D:4      | Noticed Menkaure
  3773 | D:4      | Reached skill level 5 in Axes
  3773 | D:4      | Reached XP level 7. HP: 58/58 MP: 7/7
  3791 | D:4      | Killed Menkaure
  4987 | D:5      | Found a sacrificial altar of Ru.
  5008 | D:5      | Reached * piety under Makhleb
  5075 | D:5      | Reached XP level 8. HP: 66/66 MP: 9/9
  5097 | D:5      | Found a shimmering blue altar of Sif Muna.
  5199 | D:5      | Found a shadowy altar of Dithmenos.
  5546 | D:6      | Reached skill level 5 in Shields
  5917 | D:6      | Found a glowing silver altar of Zin.
  5918 | D:6      | Noticed an angel
  5919 | D:6      | Found a shimmering altar of Xom.
  6150 | D:6      | Reached skill level 5 in Invocations
  6232 | D:6      | Found a stormy altar of Qazlal.
  6278 | D:6      | Found a snail-covered altar of Cheibriados.
  6346 | D:6      | Found an ancient bone altar of Kikubaaqudgha.
  6485 | D:6      | Reached ** piety under Makhleb
  6486 | D:6      | Reached XP level 9. HP: 71/71 MP: 11/11
  7424 | D:7      | Got a steaming cloak
  7429 | D:7      | Identified the +2 cloak of Damp Miracles {Str+3} (You found
                  | it on level 7 of the Dungeon)
  7934 | D:8      | Found a staircase to the Lair.
  8326 | D:8      | Got a polished trident
  8672 | D:9      | Reached *** piety under Makhleb
  8673 | D:9      | Reached XP level 10. HP: 75/78 MP: 14/14
  9982 | D:9      | Reached skill level 10 in Axes
 10027 | D:10     | Entered Level 10 of the Dungeon
 10904 | D:10     | Noticed Grum
 10911 | D:10     | Killed Grum
 11109 | D:10     | Reached skill level 5 in Fighting
 11215 | D:10     | Found a staircase to the Orcish Mines.
 11249 | D:10     | Reached XP level 11. HP: 86/86 MP: 16/16
 11339 | D:10     | Reached **** piety under Makhleb
 11377 | D:10     | Noticed Erica
 11401 | D:10     | Killed Erica
 11875 | Lair:1   | Entered Level 1 of the Lair of Beasts
 11876 | Lair:1   | Identified the +7 trident of Change {freeze, *Rage rF+++
                  | rN+ Dex-2} (You found it on level 8 of the Dungeon)
 11969 | Lair:1   | Noticed a seven-headed hydra
 11978 | Lair:1   | Killed a seven-headed hydra
 12409 | Lair:1   | Found a frozen archway.
 12982 | Lair:1   | Found a transporter.
 12984 | Lair:1   | Noticed Esetoipo's ghost (journeyman GnWn)
 12990 | Lair:1   | Noticed a six-headed hydra
 12993 | Lair:1   | Found a transporter.
 13686 | Lair:2   | Noticed a four-headed hydra
 13705 | Lair:2   | Killed a four-headed hydra
 13748 | Lair:2   | Reached skill level 10 in Invocations
 13748 | Lair:2   | Reached XP level 12. HP: 82/100 MP: 18/18
 13891 | Lair:2   | Noticed a catoblepas
 13947 | Lair:2   | Killed a catoblepas
 14289 | Lair:2   | Noticed a four-headed hydra
 14301 | Lair:2   | Killed a four-headed hydra
 16728 | Lair:4   | Reached skill level 10 in Shields
 16791 | Lair:4   | Reached skill level 5 in Armour
 16800 | Lair:4   | Noticed a catoblepas
 16825 | Lair:4   | Killed a catoblepas
 16978 | Lair:4   | Found a hole to the Spider Nest.
 17605 | Lair:4   | Found a staircase to the Swamp.
 18225 | Lair:5   | Reached XP level 13. HP: 111/111 MP: 19/19
 18233 | Lair:5   | Found a staircase to the Slime Pits.
 18254 | Lair:5   | Got a steaming scimitar
 18281 | Lair:5   | Found a dark tunnel.
 18289 | Volcano  | Entered a volcano
 19016 | Lair:5   | Found a runed translucent door.
 19017 | Lair:5   | Noticed Hairutzoic's ghost (journeyman MiBe)
 19046 | Lair:5   | Killed Hairutzoic's ghost
 19047 | Lair:5   | Reached skill level 10 in Fighting
 19460 | Lair:6   | Entered Level 6 of the Lair of Beasts
 20056 | Lair:6   | Reached ***** piety under Makhleb
 20301 | Lair:5   | Reached XP level 14. HP: 122/122 MP: 20/20
 20698 | Lair:6   | Identified the +9 scimitar of Teucyuno {pain, *Noise rC+
                  | Will+++ Int+2} (You found it on level 5 of the Lair of
                  | Beasts)
 21922 | D:11     | Noticed Urug
 21933 | D:11     | Killed Urug
 22273 | D:11     | Found a stormy altar of Qazlal.
 23351 | D:13     | Identified the Compendium of Changing and the Blaze
 23478 | D:13     | Paralysed by a floating eye for 2 turns
 23504 | D:13     | Reached XP level 15. HP: 133/133 MP: 21/21
 23574 | D:13     | Found a gate to the Vaults.
 23609 | D:13     | Reached ****** piety under Makhleb
 25192 | D:14     | Noticed Agnes
 25242 | D:14     | Identified a scroll of acquirement
 25242 | D:14     | Acquired a +2 tower shield of protection
 25872 | D:14     | Killed Agnes
 26280 | D:15     | Entered Level 15 of the Dungeon
 26288 | D:15     | Reached skill level 10 in Armour
 26684 | D:15     | Found a broken altar of Ashenzari.
 27405 | D:15     | Reached XP level 16. HP: 144/144 MP: 22/22
 27427 | D:15     | Found a staircase to the Depths.
 28104 | Orc:1    | Entered Level 1 of the Orcish Mines
 28305 | Orc:1    | Noticed Harold
 28317 | Orc:1    | Killed Harold
 28373 | Orc:1    | Found Egiegg's Antique Armour Boutique.
 28539 | Orc:1    | Found a runed translucent gate.
 28539 | Orc:1    | Noticed Kisosi's ghost (journeyman DDFi)
 28540 | Orc:1    | Found a runed translucent gate.
 28541 | Orc:1    | Found a roughly hewn altar of Beogh.
 28541 | Orc:1    | Found a runed translucent gate.
 28541 | Orc:1    | Identified the +7 bardiche "Leestrots" {venom, rF+ Int+6
                  | SInv}
 28541 | Orc:1    | Identified the amulet "Jyaleki" {Acrobat rF+ Int+5}
 28798 | D:10     | Killed Kisosi's ghost
 29362 | Orc:2    | Entered Level 2 of the Orcish Mines
 29546 | Orc:2    | Found a staircase to the Elven Halls.
 30032 | Orc:2    | HP: 6/145 [orc priest/divine providence (12)]
 31106 | Orc:2    | Paralysed by an orc sorcerer for 4 turns
 31270 | Orc:2    | Found Kyty's Antique Armour Boutique.
 31332 | Orc:2    | Found Hiohipe's General Store.
 31333 | Orc:2    | Found Fucien's Book Shop.
 31335 | Orc:2    | Found Werebb's Antique Armour Boutique.
 31335 | Orc:2    | Found Pibb's Antique Weapon Boutique.
 31351 | Orc:2    | Bought a scroll of identify for 28 gold pieces
 31351 | Orc:2    | Bought a potion of haste for 140 gold pieces
 31351 | Orc:2    | Bought a scroll of fear for 49 gold pieces
 31351 | Orc:2    | Bought a scroll of fear for 49 gold pieces
 31693 | Spider:1 | Entered Level 1 of the Spider Nest
 32891 | Spider:1 | Reached skill level 15 in Axes
 33067 | Spider:1 | Found a runed translucent gate.
 33067 | Spider:1 | Found a runed translucent gate.
 33068 | Spider:1 | Found a runed translucent gate.
 33068 | Spider:1 | Noticed Anuqaetage's ghost (adept HOFi)
 33484 | Spider:1 | Killed Anuqaetage's ghost
 33710 | Spider:1 | Got a spiked ring mail
 33720 | Spider:1 | Identified the +4 ring mail of Raomuoll {Regen+ MP-9
                  | Stlth+} (You found it on level 1 of the Spider Nest)
 33733 | Spider:1 | Got a slimy hat
 33743 | Spider:1 | Identified the cursed +0 hat "Gawn" {+Inv rF+ MP-9 Str+7}
                  | (You found it on level 1 of the Spider Nest)
 33969 | Spider:2 | Noticed Jorgrun
 34014 | Spider:1 | Reached XP level 17. HP: 141/154 MP: 23/23
 34134 | Spider:1 | Killed Jorgrun
 34773 | Spider:2 | Reached skill level 15 in Fighting
 35089 | Spider:2 | Found a transporter.
 35089 | Spider:2 | Noticed Cumomo's ghost (adept SpEn)
 35114 | Spider:2 | Found a transporter.
 35344 | Spider:2 | Killed Cumomo's ghost
 35374 | Spider:2 | Identified the +2 hat of Altruism {Harm Str+4} (You found
                  | it on level 2 of the Spider Nest)
 36636 | Spider:4 | Entered Level 4 of the Spider Nest
 36637 | Spider:4 | Noticed Arachne
 36657 | Spider:3 | Killed Arachne
 36786 | Spider:4 | Noticed Bai Suzhen
 36816 | Spider:3 | Killed Bai Suzhen
 38091 | Spider:4 | Reached skill level 15 in Shields
 38693 | Spider:4 | Noticed Louise
 38720 | Spider:4 | Killed Louise
 38734 | Spider:4 | Reached XP level 18. HP: 141/166 MP: 24/24
 38911 | Spider:4 | Got a gossamer rune of Zot
 39263 | Vaults:1 | Entered Level 1 of the Vaults
 40240 | Vaults:1 | Found a runed translucent gate.
 40243 | Vaults:1 | Found a runed translucent gate.
 40243 | Vaults:1 | Found a runed translucent gate.
 40244 | Vaults:1 | Noticed a lich
 40496 | Vaults:1 | Found a radiant altar of Vehumet.
 40496 | Vaults:1 | Noticed a lich
 40505 | Vaults:1 | Killed a lich
 40511 | Vaults:1 | Identified the +0 hat of Sovuuh {rF+ rN+ Str-5 Int+4 Dex+4}
                  | (You found it on level 1 of the Vaults)
 40547 | Vaults:1 | Identified the +1 robe "Jugh" {Str+6 Dex+3}
 40616 | Vaults:1 | Found Jado's Weapon Shop.
 41191 | Vaults:1 | Noticed Tang's ghost (master DsGl)
 41605 | Vaults:2 | Found Olavven's Armour Shoppe.
 41732 | Vaults:2 | Reached XP level 19. HP: 158/177 MP: 25/25
 43169 | Vaults:3 | Found a staircase to the Crypt.
 43594 | Vaults:3 | Noticed Mennas
 44171 | Vaults:3 | Found a portal to a secret trove of treasure.
 44191 | Vaults:3 | Noticed Saint Roka
 44215 | Vaults:3 | Reached XP level 20. HP: 166/187 MP: 26/26
 44233 | Vaults:3 | Killed Saint Roka
 44662 | Vaults:3 | Found a shimmering altar of Xom.
 44778 | Vaults:3 | Found Tuzenec's General Store.
 44783 | Vaults:3 | Bought a potion of curing for 45 gold pieces
 45971 | Vaults:4 | Identified the +7 mace of Haomp {drain, Dex+5 SInv}
 47544 | Swamp:1  | Entered Level 1 of the Swamp
 47604 | Swamp:1  | Reached XP level 21. HP: 199/199 MP: 27/27
 48042 | Swamp:2  | Found a stormy altar of Qazlal.
 49375 | Swamp:4  | Entered Level 4 of the Swamp
 49891 | Swamp:4  | Acquired the +0 helmet "Xeigg" {rCorr Slay+3}
 50204 | Swamp:4  | Got a decaying rune of Zot
 50599 | Depths:1 | Entered Level 1 of the Depths
 50655 | Depths:1 | Found a corrupted altar of Lugonu.
 50655 | Depths:1 | Found a one-way gate to the infinite horrors of the Abyss.
 50805 | Depths:1 | Found a one-way gate leading to the halls of Pandemonium.
 50845 | Depths:1 | Found a corrupted altar of Lugonu.
 50869 | Depths:1 | Found a gateway to a bazaar.
 51131 | Depths:1 | Found a gateway to a ziggurat.
 51171 | Depths:1 | Reached XP level 22. HP: 211/211 MP: 28/28
 51204 | Depths:1 | Found a gateway to Hell.
 52034 | Depths:2 | Found a snail-covered altar of Cheibriados.
 52048 | Depths:2 | Found a runed translucent door.
 52048 | Depths:2 | Found a runed translucent door.
 52161 | Depths:2 | Noticed a juggernaut
 52200 | Depths:2 | Killed a juggernaut
 52239 | Depths:2 | Identified the +8 plate armour "Yskeeps" {Harm Str+3} (You
                  | found it on level 2 of the Depths)
 52286 | Depths:2 | Found a runed translucent door.
 52464 | Depths:2 | Found Qeas Muk's Antique Armour Shop.
 53197 | Depths:3 | Reached XP level 23. HP: 220/220 MP: 29/29
 53706 | Depths:3 | Noticed a caustic shrike
 53708 | Depths:3 | Noticed a juggernaut
 53722 | Depths:3 | Killed a caustic shrike
 53860 | Depths:3 | Noticed a juggernaut
 54154 | Depths:3 | Acquired the +3 pair of gauntlets of War {Slay+5}
 54155 | Depths:3 | Found the +3 pair of gauntlets of War {Slay+5}
 54440 | Depths:3 | Killed a juggernaut
 54634 | Depths:3 | Killed a juggernaut
 56194 | Depths:4 | Noticed a juggernaut
 56683 | Depths:3 | Killed a juggernaut
 56832 | Depths:4 | Noticed the Enchantress
 56835 | Depths:4 | Identified the ring of Zoliuj {rPois Int+5}
 56862 | Depths:3 | Killed the Enchantress
 56863 | Depths:3 | Reached XP level 24. HP: 161/228 MP: 29/29
 57429 | Depths:5 | Entered Level 5 of the Depths
 58234 | Depths:5 | Noticed a juggernaut
 58249 | Depths:5 | Killed a juggernaut
 58594 | Depths:5 | Found a gate to the Realm of Zot.
 58640 | Depths:5 | Found a runed translucent gate.
 58640 | Depths:5 | Found a runed translucent gate.
 58640 | Depths:5 | Found a runed translucent gate.
 58640 | Depths:5 | Found a runed translucent gate.
 58640 | Depths:5 | Found a runed translucent gate.
 58640 | Depths:5 | Found a runed translucent gate.
 58641 | Depths:5 | Found the +2 Maxwell's thermic engine {flame, freeze}
 59461 | Slime:1  | Entered Level 1 of the Pits of Slime
 59896 | Slime:4  | Reached XP level 25. HP: 227/235 MP: 29/29
 60299 | Slime:5  | Entered Level 5 of the Pits of Slime
 60809 | Slime:5  | Found a viscous altar of Jiyva.
 60810 | Slime:5  | Noticed the Royal Jelly
 60858 | Slime:5  | Killed the Royal Jelly
 60862 | Slime:5  | Found the +9 staff of Olgreb {rPois∞}
 60972 | Slime:5  | Got a pitted marble ring
 60973 | Slime:5  | Identified the ring of Toajeum {+Fly rF+ Will- Str+5
                  | Slay+4} (You found it on level 5 of the Pits of Slime)
 60983 | Slime:5  | Got a slimy ruby amulet
 60984 | Slime:5  | Identified the amulet of Tuuptorgh {rC+ Regen+} (You found
                  | it on level 5 of the Pits of Slime)
 61047 | Slime:5  | Identified the cursed +0 pair of boots "Vylaicir" {rF++}
                  | (You found it on level 5 of the Pits of Slime)
 61072 | Slime:5  | Got a scorched platinum ring
 61073 | Slime:5  | Identified the ring of Hybbuden {rF+ Dex+6} (You found it
                  | on level 5 of the Pits of Slime)
 61076 | Slime:5  | Got a slimy rune of Zot
 61644 | Hell     | Entered the Vestibule of Hell
 61645 | Hell     | Noticed Geryon
 61671 | Hell     | Killed Geryon
 61994 | Vaults:3 | You paid a toll of the horn of Geryon to enter a treasure
                  | trove
 61995 | Trove    | Entered a treasure trove
 62000 | Trove    | Found the +8 frozen axe "Frostbite" {freezing cloud, *Noise
                  | +Fly rC+}
 62264 | Elf:1    | Entered Level 1 of the Elven Halls
 63063 | Elf:2    | Found Anuryir's Armour Shop.
 63071 | Elf:1    | Reached skill level 1 in Dodging
 63123 | Elf:2    | Found Wach's Magic Scroll Shop.
 63148 | Elf:2    | Found Ifiati's Gadget Boutique.
 63168 | Elf:2    | Bought a scroll of enchant armour for 120 gold pieces
 63168 | Elf:2    | Bought a scroll of identify for 32 gold pieces
 63168 | Elf:2    | Bought a scroll of teleportation for 48 gold pieces
 63168 | Elf:2    | Bought a scroll of blinking for 120 gold pieces
 63168 | Elf:2    | Bought a scroll of enchant weapon for 120 gold pieces
 63168 | Elf:2    | Bought a scroll of silence for 120 gold pieces
 63191 | Elf:2    | Bought a wand of acid (6) for 380 gold pieces
 63369 | Elf:2    | Found a runed translucent gate.
 63369 | Elf:2    | Found a runed translucent gate.
 63369 | Elf:2    | Found a runed translucent gate.
 63976 | Elf:3    | Entered Level 3 of the Elven Halls
 63976 | Elf:3    | Found Xofe's Weapon Emporium.
 63981 | Elf:3    | Found Waxzorgh's Distillery.
 63985 | Elf:3    | Bought a potion of resistance for 150 gold pieces
 63985 | Elf:3    | Bought a potion of resistance for 150 gold pieces
 63985 | Elf:3    | Bought a potion of heal wounds for 75 gold pieces
 63985 | Elf:3    | Bought a potion of curing for 45 gold pieces
 63985 | Elf:3    | Bought a potion of curing for 45 gold pieces
 63985 | Elf:3    | Bought 2 potions of curing for 90 gold pieces
 63985 | Elf:3    | Bought a potion of curing for 45 gold pieces
 64176 | Elf:3    | Found Pumaod's Antique Armour Emporium.
 64416 | Elf:3    | Found Laiqul's General Store.
 64424 | Elf:3    | Bought a scroll of enchant weapon for 127 gold pieces
 64424 | Elf:3    | Bought a scroll of silence for 127 gold pieces
 64424 | Elf:3    | Bought a scroll of teleportation for 51 gold pieces
 64424 | Elf:3    | Bought a scroll of enchant armour for 127 gold pieces
 64424 | Elf:3    | Bought a scroll of magic mapping for 59 gold pieces
 64424 | Elf:3    | Bought a potion of haste for 170 gold pieces
 64483 | Elf:3    | Found Kelabe's Book Emporium.
 64549 | Elf:3    | Reached XP level 26. HP: 246/246 MP: 30/30
 64590 | Elf:3    | Reached skill level 5 in Dodging
 64693 | Elf:3    | Found the +6 Majin-Bo {vamp, MP+6 Int+6}
 64707 | Elf:3    | Got a flickering glass ring
 64708 | Elf:3    | Identified the ring of Cioryoke {Ice *Slow MP+9 Str-5
                  | Dex+9} (You found it on level 3 of the Elven Halls)
 64727 | Elf:3    | Identified the +7 spear "Pair" {drain, rPois rF+ SInv} (You
                  | found it on level 3 of the Elven Halls)
 64744 | Elf:3    | Identified Dacav's Handbook of the Snowflakes and Flames
 64748 | Elf:3    | Identified the ring of Tichoaj {*Drain +Inv Str+4 Int+4
                  | SInv}
 64786 | Elf:3    | Identified the Catalogue of Dark Displacement
 64802 | Elf:3    | Got a bound steel ring
 64803 | Elf:3    | Identified the ring "Fepauz" {Wiz rPois rF+ Will+} (You
                  | found it on level 3 of the Elven Halls)
 64822 | Elf:3    | Got an ancient tin ring
 64823 | Elf:3    | Identified the cursed ring of Wishful Thinking {+Blink
                  | rPois rF+ Int-4 Dex-5 SInv} (You found it on level 3 of the
                  | Elven Halls)
 65265 | Vaults:5 | Entered Level 5 of the Vaults
 65594 | Vaults:5 | Reached XP level 27. HP: 256/256 MP: 30/30
 66230 | Vaults:5 | Reached skill level 10 in Dodging
 66277 | Vaults:5 | Got a silver rune of Zot
 67030 | Crypt:1  | Entered Level 1 of the Crypt
 68708 | Crypt:3  | Entered Level 3 of the Crypt
 68718 | Crypt:3  | Reached skill level 15 in Armour
 68939 | Crypt:3  | Found an ancient bone altar of Kikubaaqudgha.
 68939 | Crypt:3  | Noticed an ancient lich
 68956 | Crypt:3  | Killed an ancient lich
 68991 | Crypt:3  | Found the +8 demon blade "Leech" {vamp, *Rage +Rage rN+}
 68993 | Crypt:3  | Got a brightly glowing steel ring
 68993 | Crypt:3  | Got a scorched jade ring
 69371 | Crypt:3  | Identified the ring "Gemalevi" {rN+ Int+4} (You found it on
                  | level 3 of the Crypt)
 69373 | Crypt:3  | Identified the ring "Uziop" {rPois rN+} (You found it on
                  | level 3 of the Crypt)
 69451 | Crypt:3  | Found a staircase to the Tomb.
 70328 | Zot:1    | Entered Level 1 of the Realm of Zot
 71066 | Vaults:1 | Killed Tang's ghost
 71351 | Lair:1   | Killed Esetoipo's ghost
 72345 | Zot:1    | Noticed an orb of fire
 72383 | Zot:1    | Killed an orb of fire
 76109 | Zot:4    | Found the amulet of the Four Winds {rN+ Will+++ Clar}
 77001 | Zot:5    | Entered Level 5 of the Realm of Zot
 77152 | Zot:5    | Reached skill level 27 in Fighting
 78181 | Zot:5    | Noticed an orb of fire
 78216 | Zot:5    | Killed an orb of fire
 78223 | Zot:5    | Noticed an orb of fire
 78255 | Zot:5    | Killed an orb of fire
 78276 | Zot:5    | Noticed an orb of fire
 78334 | Zot:5    | Killed an orb of fire
 78536 | Zot:5    | Noticed an orb of fire
 78539 | Zot:5    | Noticed an orb of fire
 78557 | Zot:5    | Killed an orb of fire
 78561 | Zot:5    | Noticed an orb of fire
 78582 | Zot:5    | Noticed an ancient lich
 78597 | Zot:5    | Killed an ancient lich
 78630 | Zot:4    | Killed an orb of fire
 78823 | Zot:5    | Killed an orb of fire
 78939 | Zot:5    | Noticed an ancient lich
 78956 | Zot:5    | Killed an ancient lich
 80669 | Depths:4 | Voluntarily entered the Abyss.
 81019 | Abyss:1  | Paralysed by accursed screaming for 1 turns
 81025 | Abyss:1  | Paralysed by accursed screaming for 1 turns
 81287 | Abyss:1  | Noticed an ancient lich
 81305 | Abyss:1  | Killed an ancient lich
 81379 | Abyss:2  | Found a corrupted altar of Lugonu.
 81573 | Abyss:2  | Found a corrupted altar of Lugonu.
 81575 | Abyss:2  | Paralysed by accursed screaming for 1 turns
 81847 | Depths:4 | Escaped the Abyss
 81849 | Depths:4 | Voluntarily entered the Abyss.
 82197 | Depths:4 | Escaped the Abyss
 82199 | Depths:4 | Voluntarily entered the Abyss.
 82829 | Abyss:3  | Found a transporter.
 82860 | Abyss:3  | Paralysed by you for 6 turns
 82886 | Abyss:3  | Paralysed by you for 6 turns
 82893 | Abyss:3  | Paralysed by accursed screaming for 1 turns
 82922 | Abyss:3  | Found a transporter.
 82927 | Abyss:3  | Got an abyssal rune of Zot
 82967 | Abyss:3  | Found a transporter.
 83053 | Abyss:3  | Found a transporter.
 83105 | Depths:4 | Escaped the Abyss
 83147 | Pan      | Entered Pandemonium
 83411 | Pan      | Noticed Zounlidi the pandemonium lord
 83424 | Pan      | Killed Zounlidi the pandemonium lord
 84221 | Pan      | Noticed Qukah the pandemonium lord
 84881 | Pan      | Noticed Iffyi the pandemonium lord
 84908 | Pan      | Killed Iffyi the pandemonium lord
 86003 | Pan      | Noticed Unedod the pandemonium lord
 86049 | Pan      | Killed Unedod the pandemonium lord
 86294 | Pan      | Reached skill level 27 in Armour
 86639 | Pan      | Reached skill level 1 in Evocations
 87129 | Pan      | Found an exit through the horrors of the Abyss.
 87136 | Pan      | Took an exit into the Abyss.
 87136 | Abyss:1  | Escaped into the Abyss
 87187 | Abyss:1  | Paralysed by accursed screaming for 1 turns
 87290 | Depths:3 | Escaped the Abyss
 87584 | Elf:2    | Bought a wand of acid (9) for 494 gold pieces
 87584 | Elf:2    | Bought a wand of acid (7) for 418 gold pieces
 87584 | Elf:2    | Bought a wand of acid (10) for 532 gold pieces
 87819 | Pan      | Entered Pandemonium
 87987 | Pan      | Found a huge runed translucent gate.
 88008 | Pan      | Found a huge runed translucent gate.
 88009 | Pan      | Found a huge runed translucent gate.
 88010 | Pan      | Found a huge runed translucent gate.
 88011 | Pan      | Found a huge runed translucent gate.
 88012 | Pan      | Found a huge runed translucent gate.
 88013 | Pan      | Found a huge runed translucent gate.
 88475 | Pan      | Reached skill level 5 in Evocations
 88595 | Pan      | Noticed Qoump the pandemonium lord
 88604 | Pan      | Killed Qoump the pandemonium lord
 88884 | Pan      | Entered the realm of Lom Lobon.
 88884 | Pan      | Noticed Lom Lobon
 89057 | Pan      | Found an exit through the horrors of the Abyss.
 89076 | Pan      | Identified the +8 great sword of Chaos {vorpal, rC+} (You
                  | found it in Pandemonium)
 89750 | Pan      | Killed Lom Lobon
 89993 | Pan      | Got a magical rune of Zot
 90077 | Pan      | Entered the realm of Cerebov.
 90132 | Pan      | Acquired the ring "Hiclumm" {rElec rPois rF+ Int-2 Dex+2}
 90341 | Pan      | Found the +6 sword of Cerebov {flame}
 90341 | Pan      | Noticed Cerebov
 90388 | Pan      | Killed Cerebov
 90643 | Pan      | Got a fine turquoise ring
 90644 | Pan      | Identified the ring "Cazxor" {*Tele Int+5 Slay+3 Stlth-}
                  | (You found it in Pandemonium)
 90672 | Pan      | Got a fiery rune of Zot
 90726 | Pan      | Identified the +4 plate armour of Weovimn {*Slow rN+ Will++
                  | Stlth+} (You found it in Pandemonium)
 91183 | Pan      | Entered the realm of Mnoleg.
 91213 | Pan      | Noticed Mnoleg
 91218 | Pan      | Paralysed by a floating eye for 3 turns
 91236 | Pan      | Killed Mnoleg
 91262 | Pan      | Reached skill level 15 in Invocations
 91262 | Pan      | Paralysed by a floating eye for 3 turns
 91365 | Pan      | Got a glowing rune of Zot
 91409 | Pan      | Paralysed by a floating eye for 3 turns
 91420 | Pan      | Paralysed by a floating eye for 2 turns
 91479 | Pan      | Reached skill level 10 in Evocations
 91508 | Pan      | Found an exit through the horrors of the Abyss.
 91546 | Pan      | Took an exit into the Abyss.
 91546 | Abyss:1  | Escaped into the Abyss
 91562 | Depths:1 | Escaped the Abyss
 91564 | Depths:1 | Acquired a manual of Hexes
 91565 | Depths:1 | Acquired the +8 mithril axe "Arga" {speed, Will+}
 91566 | Depths:1 | Found the +8 mithril axe "Arga" {speed, Will+}
 91566 | Depths:1 | Acquired the +10 broad axe "Maoghy" {drain, rF+ rC- rN+
                  | Will+}
 91588 | Pan      | Entered the realm of Gloorx Vloq.
 91588 | Pan      | Entered Pandemonium
 91824 | Pan      | Reached skill level 15 in Dodging
 92205 | Pan      | Noticed Gloorx Vloq
 92223 | Pan      | Killed Gloorx Vloq
 92361 | Pan      | Got a dark rune of Zot
 93264 | Pan      | Noticed Huavot the pandemonium lord
 93284 | Pan      | Killed Huavot the pandemonium lord
 93299 | Pan      | Got a demonic rune of Zot
 93519 | Pan      | Found a transporter.
 93519 | Pan      | Found a transporter.
 93665 | Pan      | Found an exit through the horrors of the Abyss.
 93674 | Pan      | Took an exit into the Abyss.
 93674 | Abyss:1  | Escaped into the Abyss
 93730 | Abyss:1  | Found a corrupted altar of Lugonu.
 93758 | Depths:1 | Escaped the Abyss
 93932 | Hell     | Found a gateway to the Iron City of Dis.
 94059 | Hell     | Found a gateway to the ashen valley of Gehenna.
 94192 | Hell     | Found a gateway to the decaying netherworld of Tartarus.
 94326 | Hell     | Found a gateway to the freezing wastes of Cocytus.
 94425 | Geh:1    | Entered Level 1 of Gehenna
 95236 | Geh:7    | Entered Level 7 of Gehenna
 95237 | Geh:7    | Acquired 998 gold pieces
 95685 | Geh:7    | Identified the +0 scale mail "Qipeteast" {rC+ Will+++ Str+3
                  | Stlth-} (You found it on level 7 of Gehenna)
 95834 | Geh:7    | Found the +7 sceptre of Asmodeus
 95834 | Geh:7    | Noticed Asmodeus
 95852 | Geh:7    | Killed Asmodeus
 95858 | Geh:7    | Got an obsidian rune of Zot
 96182 | Coc:1    | Entered Level 1 of Cocytus
 97036 | Coc:7    | Entered Level 7 of Cocytus
 97181 | Coc:7    | Noticed the Serpent of Hell
 97209 | Coc:7    | Killed the Serpent of Hell
 97360 | Coc:7    | Noticed Antaeus
 97419 | Coc:7    | Killed Antaeus
 97576 | Coc:7    | Got an icy rune of Zot
 97743 | Tar:1    | Entered Level 1 of Tartarus
 97916 | Tar:2    | You fall into a shaft and drop 1 floor!
 98570 | Tar:7    | Entered Level 7 of Tartarus
 98820 | Tar:7    | Found the +18 shield of the Gong {rElec rN+ Will+ EV-5}
 99182 | Tar:7    | Noticed Ereshkigal
 99214 | Tar:7    | Killed Ereshkigal
 99311 | Tar:7    | Identified the +0 helmet of Grace {rN++} (You found it on
                  | level 7 of Tartarus)
 99314 | Tar:7    | Identified the +5 eveningstar of the Scorching Jester
                  | {vorpal, Str+5} (You found it on level 7 of Tartarus)
 99316 | Tar:7    | Found the +10 Black Knight's barding {ponderous, rPois rN+}
 99319 | Tar:7    | Got a bone rune of Zot
 99540 | Dis:1    | Entered Level 1 of the Iron City of Dis
100709 | Dis:7    | Entered Level 7 of the Iron City of Dis
101218 | Dis:7    | Identified the Collected Works on the Shifting Escort
101558 | Dis:7    | Found the +7 pair of quick blades "Gyre" and "Gimble"
                  | {protect}
101567 | Dis:7    | Identified Sukioh's Papyrus of Shape Shifting
101990 | Dis:7    | Identified the +5 broad axe of Truncation {vamp, Int+8
                  | SInv} (You found it on level 7 of the Iron City of Dis)
102008 | Dis:7    | Found the +4 staff of Dispater
102008 | Dis:7    | Noticed Dispater
102073 | Dis:7    | Killed Dispater
102356 | Dis:7    | Got an iron rune of Zot
103237 | Tomb:1   | Entered Level 1 of the Tomb of the Ancients
103408 | Tomb:1   | Paralysed by a sphinx for 5 turns
103417 | Tomb:1   | Paralysed by a sphinx for 6 turns
103438 | Tomb:1   | Reached skill level 27 in Invocations
104105 | Tomb:2   | Noticed a royal mummy
104190 | Tomb:2   | Noticed a royal mummy
104196 | Tomb:2   | Noticed a royal mummy
104204 | Tomb:2   | Noticed a royal mummy
104207 | Tomb:2   | Killed a royal mummy
104207 | Tomb:2   | Noticed a royal mummy
104219 | Tomb:2   | Killed a royal mummy
104238 | Tomb:2   | Killed a royal mummy
104273 | Tomb:2   | Killed a royal mummy
104295 | Tomb:2   | Killed a royal mummy
104653 | Tomb:1   | Noticed a royal mummy
104657 | Tomb:1   | Noticed a royal mummy
104661 | Tomb:1   | Killed a royal mummy
104663 | Tomb:1   | Noticed a royal mummy
104682 | Tomb:1   | Killed a royal mummy
104688 | Tomb:1   | Killed a royal mummy
104719 | Tomb:1   | Noticed a royal mummy
104732 | Tomb:1   | Killed a royal mummy
104824 | Tomb:1   | Noticed a royal mummy
104836 | Tomb:1   | Killed a royal mummy
104855 | Tomb:1   | Noticed a royal mummy
104865 | Tomb:1   | Killed a royal mummy
104919 | Tomb:1   | Noticed a royal mummy
104944 | Tomb:1   | Killed a royal mummy
105040 | Tomb:1   | Noticed a royal mummy
105041 | Tomb:1   | Noticed a royal mummy
105052 | Tomb:1   | Killed a royal mummy
105061 | Tomb:1   | Killed a royal mummy
105072 | Tomb:1   | Noticed a royal mummy
105081 | Tomb:1   | Killed a royal mummy
105083 | Tomb:1   | Noticed a royal mummy
105099 | Tomb:1   | Killed a royal mummy
105420 | Tomb:3   | Entered Level 3 of the Tomb of the Ancients
105455 | Tomb:3   | Noticed a royal mummy
105461 | Tomb:3   | Noticed a royal mummy
105463 | Tomb:3   | Noticed a royal mummy
105468 | Tomb:3   | Noticed a royal mummy
105468 | Tomb:3   | Noticed a royal mummy
105468 | Tomb:3   | Noticed a royal mummy
105475 | Tomb:3   | Noticed a royal mummy
105494 | Tomb:3   | Found the +3 warlock's mirror {reflect}
105494 | Tomb:3   | Found the +5 robe of Misfortune {*Contam Harm *Corrode
                  | *Drain *Slow EV+5}
105522 | Tomb:3   | Noticed a royal mummy
105530 | Tomb:3   | Killed a royal mummy
105531 | Tomb:3   | Reached skill level 27 in Dodging
105534 | Tomb:3   | Killed a royal mummy
105541 | Tomb:3   | Killed a royal mummy
105547 | Tomb:3   | Killed a royal mummy
105550 | Tomb:3   | Killed a royal mummy
105578 | Tomb:3   | Noticed a royal mummy
105588 | Tomb:3   | Killed a royal mummy
105596 | Tomb:3   | Killed a royal mummy
105613 | Tomb:3   | Killed a royal mummy
105632 | Tomb:3   | Killed a royal mummy
105669 | Tomb:3   | Found the +2 shield of Resistance {rF++ rC++ Will++}
105697 | Tomb:3   | Got a translucent emerald amulet
105698 | Tomb:3   | Identified the amulet of the Hippo {*Drain rElec rPois
                  | Regen+ Int+7} (You found it on level 3 of the Tomb of the
                  | Ancients)
106005 | Tomb:3   | Got a brightly glowing bone ring
106031 | Tomb:3   | Identified Taveblum's Grimoire of the Virous Mountains
106114 | Tomb:3   | Got a golden rune of Zot
106977 | Zot:5    | Got the Orb of Zot
107088 | Zot:1    | Noticed Famor the pandemonium lord
107599 | D:2      | Noticed Wistri Bygy the pandemonium lord
107625 | D:2      | Killed Wistri Bygy the pandemonium lord
107701 | D:$      | Escaped with the Orb!

Illustrated notes

Levels and vault maps discovered:
D:1:      roderic_dead_forest, layout_rooms, kennysheep_boxes
D:2:      layout_loops_cross, nemelex_xobeh_ov_fountains_minmay
D:3:      layout_basic
D:4:      layout_basic, bloody_trog, serial_glass, glass_columns_a,
          glass_columns_c, chequers_serial_rivers_room_a, glass_columns_c,
          okawaru_metal_pillars_3, uniq_menkaure
D:5:      layout_basic, led_sif_pool, grunt_dithmenos_smoke,
          nicolae_ru_great_annihilating_truth, serial_bayou_lake_a
D:6:      layout_loops_ring, grunt_temple_overflow_order_and_chaos_1,
          lemuel_round_altar, lemuel_zombie_altar_kikubaaqudgha,
          grunt_qazlal_clouds, minmay_temple_entry_poolview, st_stairs_13,
          minmay_pentangle
D:7:      layout_loops_ring
D:8:      layout_rooms, lair_entry_dummy
D:9:      minmay_skewed_foursquare, layout_cave_pools, enter_bailey_4
D:10:     layout_roguey, orc_0_dummy, uniq_grum, uniq_erica
D:11:     layout_roguey, basic_altar, uniq_urug
D:12:     layout_basic
D:13:     cheibrodos_hippocracy, layout_small_grid,
          skrybe_vaults_entry_preservation, introduction_to_nature_2
D:14:     layout_irregular_city, dk_noncrumbling_4, uniq_agnes
D:15:     grunt_enter_depths_magical_seal, layout_basic,
          evilmike_ruin_ashenzari, serial_corexii_hall, chequers_hall_statues_y,
          corexii_hall_statues_t
Temple:   nicolae_temple_x_marks_the_god
Lair:1:   layout_cellular_growth, portal_ice_cave_demonic_guard,
          gammafunk_ghost_arena
Lair:2:   layout_cave_pods, infiniplex_staircase_pool_2
Lair:3:   layout_regular_city
Lair:4:   layout_cellular_growth, minmay_swamp_entry_worms,
          spider_nest_entry_rubble, serial_forest,
          infiniplex_forest_lined_room_2, infiniplex_forest_lined_2,
          infiniplex_forest_lined_corner, infiniplex_forest_end_2,
          infiniplex_forest_end_3, infiniplex_forest_lined_corner,
          infiniplex_forest_end_double
Lair:5:   layout_cave_pods, nicolae_slime_entry_slimehenge,
          lightli_volcano_entry_magma_tube, gammafunk_ghost_grave,
          beast_lair_carwin_8, infiniplex_staircase_pool
Lair:6:   minmay_lair_end_frog_pond, layout_regular_city
Swamp:1:  layout_falls_marsh, evilmike_swamp_ruin_house_3, swamp_pool5
Swamp:2:  layout_basic_swamp, nicolae_swamp_feature_on_the_river_bank
Swamp:3:  layout_basic_swamp, evilmike_swamp_ruin_house_1, swamp_pool3,
          nzn_swamp_stair_ambush
Swamp:4:  nzn_swamp_witches_coven, layout_basic_swamp
Spider:1: layout_chambers, gammafunk_ghost_tricky_traps
Spider:2: layout_spider_delve, gammafunk_ghost_berserking_beasts, uniq_jorgrun
Spider:3: layout_spider_delve
Spider:4: grunt_spider_rune_parallel, uniq_arachne, uniq_bai_suzhen, uniq_louise
Slime:1:  layout_caves
Slime:2:  layout_caves, cheibrodos_slime_lost_civilization_7
Slime:3:  layout_caves
Slime:4:  layout_caves
Slime:5
Orc:1:    layout_caves, serial_shops, shop, biasface_ghost_orc_armoury,
          uniq_harold
Orc:2:    st_orc_congregation, layout_caves, serial_shops, shop,
          nicolae_orc_damp_corner
Elf:1:    eino_elf_arrival_shootout, layout_gridlike, hangedman_elf_represent,
          grunt_ministairs_10
Elf:2:    layout_geoelf_grid, minmay_shop_star
Elf:3:    minmay_elf_hall_circle, layout_geoelf_octagon, serial_shops,
          nicolae_shop_trees, nicolae_shop_statue_plus, nicolae_shop_trees,
          nicolae_shop_overgrown_old_shop, shop
Vaults:1: gammafunk_vaults_ghost_necromancy, nicolae_vaults_network_square,
          grunt_tower_of_power, ontoclasm_vaults_gateway,
          nicolae_vaults_rhombus_6, vaults_room_grunt_arrival_ludios, v_misc_19,
          layout_vaults_ring, serial_shops, shop
Vaults:2: nicolae_vaults_network_s, vaults_room_corners, vaults_room_pool,
          dpeg_vaults_monster_box, hangedman_vaults_pinch,
          nicolae_vaults_rhombus_6, vaults_mumra_minichess_inversion,
          grunt_vaults_focal, v_misc_33, nicolae_vaults_circle_grid_a,
          nicolae_vaults_angled_halls, layout_vaults_omnicross, serial_shops,
          nicolae_shop_stone
Vaults:3: hangedman_vaults_cutoff, vaults_dpeg_spiral,
          minmay_crypt_entry_simple_walls, v_misc_27, ontoclasm_vaults_spin,
          v_misc_3, st_hourglassy, hangedman_vaults_corner_blocks, v_misc_23,
          layout_vaults_omnigrid, serial_shops, shop, basic_altar,
          enter_trove_6, uniq_saint_roka, uniq_mennas
Vaults:4: nicolae_vaults_what_the_h, nicolae_vaults_asterisk, v_misc_11,
          nicolae_vaults_yaktaur_gun_rack, hangedman_vaults_restitches,
          ontoclasm_vaults_ligature, st_squares, v_misc_22, v_pattern_4,
          v_misc_11, nicolae_vaults_little_squares_3,
          nicolae_vaults_little_squares_5, layout_vaults_big_room
Vaults:5: serial_shops
Crypt:1:  layout_regular_city, minigarden_bobbens,
          grunt_crypt_arrival_guarded_gate
Crypt:2:  layout_catacombs
Crypt:3:  cryptofortress_bobbens
Tomb:1
Tomb:2
Tomb:3
Depths:1: layout_gridville, ziggurat_fallback, serial_shops, statue_bzr,
          rand_demon_pan_entry_3, abyss_entry_flame_altar, hex_tiny,
          lightli_too_deep, tgw_lugonu_bribe
Depths:2: minmay_the_grid_triangle_9x9_rhombus_thin
          [minmay_the_grid_triangle_9x9_stretched_checkered,
          minmay_the_grid_triangle_9x9_prize_insulated,
          minmay_the_grid_triangle_9x9_fully_insulated_deathbox,
          minmay_the_grid_triangle_9x9_flanged_cone], layout_small_grid,
          serial_shops, nicolae_shop_behind_doors, pf_hell_entry_great_geh,
          minmay_room_of_horrors, cheibriados_altar_1
Depths:3: minmay_octo_star, layout_gridlike, hell_entry, pan_entry
Depths:4: evilmike_hourglass, layout_basic, hellmouth_1,
          hangedman_abyss_entry_splay, roderic_serpentine_path, uniq_enchantress
Depths:5: evilmike_zot_entry_hall, layout_gridlike, serial_bayou_lagoon_a,
          grunt_hell_entry_dis_mu, brannock_guarded_unrand_thermic_engine
Hell
Dis:1:    layout_regular_city
Dis:2:    hangedman_dis_monolith, layout_regular_city,
          nicolae_dis_lava_storage_tank, grunt_megastairs_1
Dis:3:    layout_regular_city, nicolae_dis_strange_trophy_room,
          hangedman_player_shredder
Dis:4:    layout_subdivisions, evilmike_ambush [evilmike_ambush_outer_basic,
          evilmike_ambush_inner_basic], lemuel_elevator
Dis:5:    layout_regular_city, nicolae_dis_hell_towers
Dis:6:    layout_chaotic_city
Dis:7:    iron_city_of_dis [dis_old, dis_wall_2], layout_chaotic_city
Geh:1:    layout_gehenna_lava_caves
Geh:2:    minmay_firetagon, layout_gehenna_lava_caves, lemuel_hellish_altar
Geh:3:    layout_gehenna_lava_caves, lemuel_flamethrower_3
Geh:4:    layout_gehenna_pools_basic
Geh:5:    layout_gehenna_pools_triple
Geh:6:    layout_gehenna_pools_triple
Geh:7:    geh_old
Coc:1:    layout_cocytus_water_paths
Coc:2:    layout_ice_bergs
Coc:3:    layout_ice_bergs
Coc:4:    layout_cocytus_water_paths
Coc:5:    grunt_deathspiral_small, layout_cocytus_water_paths
Coc:6:    layout_cocytus_water_paths, serial_ice
Coc:7:    coc_grunt
Tar:1:    layout_honeycomb
Tar:2:    layout_grid_maze, hangedman_restless_catacombs
Tar:3:    layout_catacombs, hangedman_snap_crack_crunch
Tar:4:    layout_grid_maze, nicolae_tar_fractal_crypt
Tar:5:    layout_grid_maze
Tar:6:    layout_catacombs, grunt_megastairs_3
Tar:7:    tar_minmay_river
Zot:1:    layout_onion_interference
Zot:2:    layout_basic, grunt_megastairs_2
Zot:3:    layout_onion_interference
Zot:4:    layout_misc_corridors
Zot:5:    layout_misc_corridors, lemuel_baited_zot_trap

Skill      XL: |  1  2  3  4  5  6  7  8  9 10 11 12 13 14 15 16 17 18 19 20 21 22 23 24 25 26 27 |
---------------+----------------------------------------------------------------------------------+-----
Axes           | 2 3 4 5 6 7 9 10 11 12 13 14 15 16 17 19 20 | 20.0
Armour         | 3 5 7 9 10 11 13 27 | 27.0
Shields        | 3 4 5 6 8 9 10 11 12 13 14 15 16 17 20 22 24 25 | 25.0
Invocations    | 1 2 3 5 6 8 10 11 27 | 27.0
Fighting       | 5 7 9 10 12 13 14 16 17 18 19 20 21 22 27 | 27.0
Dodging        | 4 8 27 | 27.0
Evocations     | 14 | 14.3

Action                   |  1- 3 |  4- 6 |  7- 9 | 10-12 | 13-15 | 16-18 | 19-21 | 22-24 | 25-27 || total
-------------------------+-------+-------+-------+-------+-------+-------+-------+-------+-------++-------
Melee: War axe           |   134 |   123 |   411 |   642 |  1167 |  1982 |       |       |       ||  4459
       Trident           |       |       |       |   202 |   588 |     9 |    26 |       |    13 ||   838
       Broad axe         |       |       |       |       |       |   336 |  1632 |  1653 |  9113 || 12734
Throw: Dart              |       |       |     8 |    10 |    22 |    35 |       |       |       ||    75
Invok: Lesser Servant of |       |       |       |    15 |    21 |    42 |     3 |     8 |    23 ||   112
       Major Destruction |       |       |       |       |       |     1 |       |       |       ||     1
       Greater Servant o |       |       |       |       |       |       |       |       |    15 ||    15
Evoke: Wand              |       |       |     1 |     6 |    10 |    17 |     5 |       |    97 ||   136
       Lightning rod     |       |       |       |       |     2 |     2 |       |       |     4 ||     8
       Condenser vane    |       |       |       |       |       |       |     2 |     3 |     4 ||     9
       Box of beasts     |       |       |       |       |       |       |       |     1 |       ||     1
       Phial of floods   |       |       |       |       |       |       |       |     1 |       ||     1
       Tin of tremorston |       |       |       |       |       |       |       |       |     4 ||     4
  Use: Scroll            |       |     5 |     9 |     9 |    14 |    22 |     6 |     7 |    86 ||   158
       Potion            |       |     2 |     4 |     5 |     1 |    13 |     5 |     3 |    37 ||    70
 Stab: Paralysed         |       |       |     5 |     2 |     8 |       |       |       |     8 ||    23
       Distracted        |       |       |       |     2 |     3 |     3 |     1 |     1 |    12 ||    22
       Petrified         |       |       |       |       |     2 |       |       |       |     3 ||     5
       Petrifying        |       |       |       |       |     1 |       |       |       |       ||     1
       Invisible         |       |       |       |       |       |     7 |       |       |       ||     7
       Confused          |       |       |       |       |       |       |     6 |       |       ||     6
Armor: Scale mail        |    79 |    49 |   200 |   276 |   136 |       |       |       |       ||   740
       Plate armour      |       |       |       |       |   619 |  1318 |   538 |   420 |  2987 ||  5882
Dodge: Dodged            |    41 |    33 |   114 |   259 |   556 |   926 |   439 |   283 |  1943 ||  4594
Block: Kite shield       |    83 |    73 |   223 |   508 |   974 |  1585 |   388 |       |       ||  3834
       Tower shield      |       |       |       |       |       |       |   966 |  1329 | 10355 || 12650
       Reflection        |       |       |       |       |       |       |       |       |   221 ||   221
